 Dungeon Crawl Stone Soup version 0.28-a0-1638-g9123634e07 (webtiles) character file.

Game seed: 10955983993565848801

8915 HallandMoats the Fighter (level 11, 0/97 HPs)
             Began as a Ghoul Fighter on Jan 25, 2022.
             Was an Elder of Makhleb.
             Slain by a two-headed ogre (20 damage)
             ... on level 11 of the Dungeon.
             The game lasted 00:12:22 (9524 turns).

HallandMoats the Fighter (Ghoul Fighter)            Turns: 9524, Time: 00:12:23

Health: 0/97       AC: 15    Str: 23    XL:     11   Next: 38%
Magic:  15/15      EV:  7    Int:  5    God:    Makhleb [****..]
Gold:   464        SH: 17    Dex: 14    Spells: 10/10 levels left

rFire   + + .      SeeInvis .   a - +9 war axe of Forips {venom, Drain rF++}
rCold   + . .      Faith    .   y - +2 kite shield
rNeg    + + +      Spirit   .   p - +0 plate armour
rPois   ∞          Reflect  +   z - +0 hat
rElec   .          Harm     .   m - +0 cloak
rCorr   +          Rampage  .   s - +0 pair of gloves
Will    .....                   (no boots)
Stlth   ..........              t - amulet of reflection
HPRegen 0.00/turn               f - ring of resist corrosion
MPRegen 0.14/turn               x - +6 ring of dexterity

@: mighty, inhibited regen, studying Fighting
A: claws 1, cold resistance 1, negative energy resistance 3, inhibited
regeneration, torment resistance 2
a: Renounce Religion, Minor Destruction, Lesser Servant of Makhleb, Major
Destruction


You were on level 11 of the Dungeon.
You worshipped Makhleb.
Makhleb was greatly pleased with you.
You visited 1 branch of the dungeon, and saw 11 of its levels.
You also visited: Sewer and Bailey.

You collected 464 gold pieces.

Inventory:

Hand Weapons
 a - the +9 war axe of Forips (weapon) {venom, Drain rF++}
   (You found it on level 2 of the Dungeon)

   It poisons the flesh of those it strikes.
   rF:        It greatly protects you from fire.
   Drain:     It drains your maximum health when unequipped.
 F - the +11 dagger of Vento {freeze, rPois rF+ MP+9}
   (You found it on level 6 of the Dungeon)

   It freezes those it strikes, dealing additional cold damage.
   It can also slow down cold-blooded creatures.
   rF:        It protects you from fire.
   rPois:     It protects you from poison.
   MP:        It affects your magic capacity (+9).
Missiles
 o - 2 throwing nets (quivered)
Armour
 m - a +0 cloak (worn)
 p - a +0 plate armour (worn)
 s - a +0 pair of gloves (worn)
 y - a +2 kite shield (worn)
 z - a +0 hat (worn)
Jewellery
 f - a ring of resist corrosion (left hand)
 t - an amulet of reflection (around neck)
 x - a +6 ring of dexterity (right hand)
 L - an amulet of guardian spirit
Wands
 g - a wand of iceblast (11)
 j - a wand of flame (29)
 l - a wand of paralysis (16)
 n - a wand of polymorph (19)
 I - a wand of mindburst (10)
Scrolls
 h - 10 scrolls of identify
 i - 4 scrolls of teleportation {unknown}
 u - 4 scrolls of blinking {unknown}
 v - 4 scrolls of enchant weapon
 C - 3 scrolls of noise {unknown}
 E - a scroll of silence {unknown}
 H - 2 scrolls of amnesia {unknown}
 K - a scroll of holy word {unknown}
 M - a scroll of immolation {unknown}
Potions
 b - 2 potions of berserk rage {unknown}
 d - 4 potions of curing {unknown}
 e - 3 potions of lignification {unknown}
 k - a potion of attraction {unknown}
 q - a potion of resistance {unknown}
 r - a potion of flight {unknown}
 w - a potion of brilliance {unknown}
 A - 2 potions of heal wounds {unknown}
 B - a potion of haste {unknown}
 D - a potion of magic {unknown}
 J - a potion of mutation {unknown}


   Skills:
 + Level 9.3 Fighting
 * Level 8.4 Axes
 + Level 6.6 Armour
 + Level 5.9 Dodging
 + Level 6.6 Shields
 - Level 2.1 Unarmed Combat
 + Level 7.1 Invocations


You had 10 spell levels left.
You didn't know any spells.
Your spell library contained the following spells:

 Spells                   Type           Power      Damage    Failure   Level
 Magic Dart               Conj           0%         1d3       100%        1
 Call Imp                 Summ           0%         N/A       100%        2
 Mephitic Cloud           Conj/Pois/Air  0%         N/A       100%        3
 Hailstorm                Conj/Ice       0%         3d3       100%        4
 Irradiate                Conj/Tmut      0%         3d13      100%        5
 Simulacrum               Ice/Necr       0%         N/A       100%        6
 Ice Form                 Ice/Tmut       Unusable   N/A       N/A         4
 Blade Hands              Tmut           Unusable   N/A       N/A         5
 Dragon Form              Tmut           Unusable   N/A       N/A         7

Dungeon Overview and Level Annotations

Branches:
Dungeon (11/15)            Temple (0/1) D:7            Lair (0/6) D:11
    Orc (0/2) D:11          Sewer (visited)          Bailey (visited)

Altars:
Ashenzari
Dithmenos
Gozag
Hepliaklqana
Kikubaaqudgha
Makhleb
Nemelex Xobeh
Okawaru
Qazlal
Ru
Uskayaw
Vehumet
Xom
Yredelemnul
The Shining One

Portals:
Ice
Cave: D:11


Innate Abilities, Weirdness & Mutations

You thrive by killing the living.
You are immune to poison.
You have sharp fingernails.
Your flesh is cold resistant. (rC+)
You are immune to negative energy. (rN+++)
You do not regenerate when monsters are visible.
You are immune to unholy pain and torment.


Message History

You slash the vampire mosquito! You slash the ice devil!
The ice devil is poisoned.
You block the vampire mosquito's attack.
The vampire mosquito bites you.
You block the vampire mosquito's attack.
The vampire mosquito bites you but does no damage.
The ice devil closely misses you.
Okay, then.
You feel very mighty all of a sudden.
You block the vampire mosquito's attack. x2
The vampire mosquito bites you.
You block the vampire mosquito's attack.
The ice devil hits you but does no damage.
You slice the vampire mosquito!!
You destroy the vampire mosquito!
Makhleb accepts your kill.
You feel better.
You slash the vampire mosquito!
You destroy the vampire mosquito!
Makhleb accepts your kill.
You feel better.
You barely miss the ice devil. You block the ice devil's attack.
You closely miss the ice devil.
The ice devil is severely wounded.
You slash the two-headed ogre!
The two-headed ogre is poisoned.
You block the ice devil's attack.
The two-headed ogre hits you with a +0 dire flail!
The two-headed ogre hits you with a +0 giant spiked club!
* * * LOW HITPOINT WARNING * * *
You slice the two-headed ogre!!
The two-headed ogre is poisoned.
The two-headed ogre is heavily wounded.
You hit the two-headed ogre.
The two-headed ogre looks as sick as possible!
You slash the ice devil!
You kill the ice devil!
Makhleb accepts your kill.
You feel better.
You block the two-headed ogre's attack. x2
The two-headed ogre hits you with a +0 dire flail!
* * * LOW HITPOINT WARNING * * *
The two-headed ogre hits you with a +0 giant spiked club!!
You die...

........#***
........### ***####
..........## *,,∩..#
,#.....#...# *,,...#
##.....#..#* *,,...*
.........#* *,,..,*
.......<.####
***.#**
..#......##.# ##4##
..#......O#.## #@O.#
.##..........###O#+#
###..........O.....#
.###............####
###......###.....# #
##....## #.....# #
###### ###..## #.##
###


You could see 2 two-headed ogres and an ice devil.

Vanquished Creatures
  2 two-headed ogres
  A centaur zombie (D:11)
  A gargoyle (D:11)
  An ice devil (D:11)
  2 trolls (D:10)
  A merfolk (D:10)
  A shadow (D:8)
  A wyvern (D:9)
  3 yaks (D:10)
  Eustachio (D:6)
  2 steam dragons
  Grum (D:9)
  2 vampire mosquitoes (D:11)
  2 water moccasins
  An acid dragon (D:9)
  7 orc warriors (Bailey)
  A black bear (D:8)
  3 ice beasts
  2 ogres
  2 wolves (D:9)
  2 kobold brigands
  4 bullfrogs
  3 gnoll sergeants
  4 scorpions (D:4)
  A water moccasin zombie (D:5)
  11 killer bees
  8 wights
  2 howler monkeys
  3 vampire bats (D:5)
  A hound (D:4)
  5 jellies
  An orc priest (D:6)
  A bullfrog skeleton (D:4)
  A gnoll shaman (D:6)
  2 centaur skeletons
  Ijyb (D:3)
  3 iguanas
  2 hound skeletons
  3 howler monkey zombies
  25 gnolls
  10 adders
  A river rat (Sewer)
  A shadow imp (D:6)
  An ufetubus (D:7)
  4 worms
  2 dart slugs
  22 orcs
  7 ball pythons
  8 bats
  3 bat skeletons (D:5)
  3 bat zombies (D:5)
  10 endoplasms
  9 giant cockroaches
  7 hobgoblins
  7 jackals
  9 kobolds
  2 quokkas
  9 frilled lizards
  14 goblins
  A goblin zombie (D:7)
  A quokka zombie (D:7)
  6 rats
257 creatures vanquished.

Vanquished Creatures (collateral kills)
  An orc knight (Bailey)
  An orc warrior (Bailey)
2 creatures vanquished.

Vanquished Creatures (others)
  A gnoll (D:9)
  7 plants (D:2)
  17 withered plants (D:2)
25 creatures vanquished.

Grand Total: 284 creatures vanquished

Notes
Turn   | Place    | Note
-------+----------+-------------------------------------------
     0 | D:1      | HallandMoats the Ghoul Fighter began the quest for the Orb.
     0 | D:1      | Reached XP level 1. HP: 19/19 MP: 0/0
   183 | D:1      | Reached XP level 2. HP: 25/26 MP: 1/1
   698 | D:2      | Reached skill level 1 in Invocations
   698 | D:2      | Reached XP level 3. HP: 33/33 MP: 2/2
   893 | D:2      | Identified the +9 war axe of Forips {venom, Drain rF++}
  1058 | D:2      | Found a faded altar of an unknown god.
  1557 | D:3      | Reached XP level 4. HP: 37/40 MP: 4/4
  1574 | D:3      | Noticed Ijyb
  1582 | D:3      | Paralysed by Ijyb for 4 turns
  1588 | D:3      | Killed Ijyb
  1589 | D:3      | Reached skill level 4 in Fighting
  1589 | D:3      | Reached skill level 1 in Dodging
  1674 | D:3      | Found a burning altar of Makhleb.
  1752 | D:3      | Became a worshipper of Makhleb the Destroyer
  1870 | D:3      | Reached skill level 1 in Axes
  2112 | D:3      | Found an iron altar of Okawaru.
  2140 | D:3      | Reached XP level 5. HP: 11/46 MP: 5/5
  2473 | D:3      | Found a faded altar of an unknown god.
  2479 | D:3      | Found a basalt altar of Yredelemnul.
  3022 | D:4      | Reached XP level 6. HP: 45/53 MP: 6/6
  3267 | D:4      | Reached * piety under Makhleb
  3527 | D:4      | Reached XP level 7. HP: 57/60 MP: 6/8
  3537 | D:4      | Found a sacrificial altar of Ru.
  3815 | D:5      | Entered Level 5 of the Dungeon
  3964 | D:5      | Found a hide-covered altar of Uskayaw.
  3997 | D:5      | Reached skill level 5 in Fighting
  4046 | D:5      | Found an ancient bone altar of Kikubaaqudgha.
  4060 | D:5      | Reached XP level 8. HP: 68/68 MP: 9/9
  4717 | D:6      | Reached ** piety under Makhleb
  4820 | D:6      | Noticed Eustachio
  4836 | D:6      | Killed Eustachio
  4978 | D:6      | Found a glowing drain.
  4999 | Sewer    | Entered a sewer
  5100 | Sewer    | Reached XP level 9. HP: 75/75 MP: 11/11
  5103 | Sewer    | Found a viscous altar of Jiyva.
  5126 | Sewer    | Reached skill level 5 in Axes
  5179 | Sewer    | Reached *** piety under Makhleb
  5432 | D:6      | Reached skill level 6 in Fighting
  5673 | D:6      | Identified the +11 dagger of Vento {freeze, rPois rF+ MP+9}
  5889 | D:7      | Found a flagged portal.
  5906 | Bailey   | Entered a bailey
  6148 | Bailey   | Reached skill level 5 in Armour
  6158 | Bailey   | Reached skill level 5 in Shields
  6176 | Bailey   | Reached skill level 5 in Invocations
  6334 | Bailey   | Noticed an orc knight
  6341 | Bailey   | Killed an orc knight
  6752 | D:7      | Found a broken altar of Ashenzari.
  6895 | D:7      | Reached XP level 10. HP: 84/84 MP: 13/13
  6925 | D:7      | Found a staircase to the Ecumenical Temple.
  6972 | D:7      | Reached skill level 7 in Fighting
  7116 | D:7      | Found a sparkling altar of Nemelex Xobeh.
  7412 | D:8      | Reached **** piety under Makhleb
  7755 | D:8      | Reached skill level 5 in Dodging
  8083 | D:9      | Noticed Grum
  8101 | D:9      | Killed Grum
  8247 | D:9      | Noticed a two-headed ogre
  8255 | D:9      | Killed a two-headed ogre
  8256 | D:9      | Reached skill level 8 in Fighting
  8338 | D:9      | Found an opulent altar of Gozag.
  8446 | D:9      | Found a radiant altar of Vehumet.
  8472 | D:9      | Found a shimmering altar of Xom.
  8495 | D:9      | Found a shadowy altar of Dithmenos.
  8664 | D:10     | Entered Level 10 of the Dungeon
  8669 | D:10     | Found a stormy altar of Qazlal.
  8745 | D:10     | Reached XP level 11. HP: 95/95 MP: 15/15
  8828 | D:10     | Found a hazy altar of Hepliaklqana.
  9146 | D:10     | Reached skill level 9 in Fighting
  9334 | D:11     | Noticed a two-headed ogre
  9346 | D:11     | Killed a two-headed ogre
  9502 | D:11     | Noticed a two-headed ogre
  9507 | D:11     | Noticed a two-headed ogre
  9516 | D:11     | Found a frozen archway.
  9524 | D:11     | Slain by a two-headed ogre

Illustrated notes

Levels and vault maps discovered:
D:1:      minmay_arrival_nine_rooms, layout_basic, chequers_serial_rivers_marsh
D:2:      minmay_chambers_of_ones, layout_loops_ring,
          shapermc_ecumenical_altar_flowoftime
D:3:      layout_basic, okawaru_metal_pillars_1_2,
          nicolae_overflow_ecumenical_swirl, lemuel_tele_altar,
          small_statue_intersection, uniq_ijyb
D:4:      layout_loops_cross, nicolae_ru_sacrificial_ziggurat
D:5:      layout_basic, mainiacjoe_overflow_six_doors_small,
          kennysheep_vampire_church, overflow_temple_1_default,
          minmay_tree_intersection
D:6:      layout_basic, cheibrodos_sewer_entry_bend, uniq_eustachio
D:7:      layout_cave_pools, nemelex_dance_club_becter,
          mainiacjoe_overflow_surrounded_room, minmay_temple_entry_crystal_x,
          serial_column_ruins, column_ruins_corridor_straight,
          column_ruins_grid_1, column_ruins_corridor_corner,
          column_ruins_corridor_straight, column_ruins_corridor_straight,
          column_ruins_corridor_dead_end, enter_ossuary_4, enter_bailey_3
D:8:      layout_cave_pools
D:9:      layout_cave_pools, grunt_gozag_statues,
          mainiacjoe_overflow_cross_hatched, xom_butterflies,
          mainiacjoe_overflow_catwalk, uniq_grum
D:10:     layout_irregular_city, grunt_qazlal_sundering,
          mainiacjoe_overflow_24_doors, hangedman_fish_farm
D:11:     layout_cave_pools, david_lair_shrubbed,
          kennysheep_orc_monster_closet_entryway, special_room
          [special_room_orc], portal_ice_cave_demonic_guard

Skill      XL: |  1  2  3  4  5  6  7  8  9 10 11 |
---------------+----------------------------------+-----
Invocations    | 1 2 3 4 5 6 7 |  7.1
Shields        | 3 4 5 6 |  6.6
Armour         | 3 4 5 6 |  6.6
Fighting       | 4 5 6 8 9 |  9.3
Dodging        | 1 2 3 4 5 |  5.9
Axes           | 1 2 3 4 6 7 8 |  8.4
Unarmed Combat | |  2.1

Action                   |  1- 3 |  4- 6 |  7- 9 | 10-12 || total
-------------------------+-------+-------+-------+-------++-------
Melee: Unarmed           |    57 |       |       |       ||    57
       War axe           |    58 |    72 |   237 |   164 ||   531
Invok: Lesser Servant of |       |       |     1 |       ||     1
  Use: Scroll            |       |       |     2 |     1 ||     3
       Potion            |       |       |       |     1 ||     1
Armor: Scale mail        |    15 |       |       |       ||    15
       Leather armour    |    16 |    18 |       |       ||    34
       Plate armour      |       |    23 |   134 |    50 ||   207
Dodge: Dodged            |    32 |    45 |    51 |    40 ||   168
Block: Buckler           |    16 |    14 |    44 |       ||    74
       Kite shield       |       |       |   181 |   159 ||   340
       Reflection        |       |       |    18 |     1 ||    19

Table legend: (Time is in decaauts)
 A = Elapsed time spent in this place.
 B = Non-inter-level travel time spent in this place.
 C = Inter-level travel time spent in this place.
 D = Time resting spent in this place.
 E = Time spent auto-exploring this place.
 F = Levels seen in this place.
 G = Mean time per level.
                   A        B        C        D        E       F      G
               +--------+--------+--------+--------+--------+-----+--------+
         Total |   9760 |   9305 |    455 |    513 |   6826 |  13 |  750.8 |
       Dungeon |   8745 |   8290 |    455 |    342 |   6345 |  11 |  795.0 |
         Sewer |    244 |    244 |      0 |      0 |    109 |   1 |  244.0 |
        Bailey |    770 |    770 |      0 |    171 |    371 |   1 |  770.0 |
               +--------+--------+--------+--------+--------+-----+--------+

Top non-repeatable levels by time:
     D:3: 1423 daAuts
     D:6: 1050 daAuts
     D:2: 920 daAuts
     D:5: 861 daAuts
     D:4: 854 daAuts
  Bailey: 770 daAuts
     D:7: 758 daAuts
     D:1: 690 daAuts
    D:10: 663 daAuts
     D:9: 662 daAuts
     D:8: 648 daAuts
   Sewer: 244 daAuts
    D:11: 211 daAuts
